[ AOE2 MATCH · #505168630 ]
UnrankedSicilians vs Britons
Player's team · WIN
Rival team · LOSS
[ REPLAY ANALYSIS · EXTRACTED FROM THE RECORDED GAME ]
Feudal
—
Castle
—
Imperial
—
| APM avg | 44.3 |
| APM peak | 93 |
| eAPM avg | 20.0 |
| Villagers / military | 46 / 5 |
Focus
⚔️ 30.8% · 🌾 69.2%
Militia ×5
Feudal
10:06
Castle
16:52
Imperial
—
| APM avg | 46.3 |
| APM peak | 103 |
| eAPM avg | 25.6 |
| Villagers / military | 29 / 0 |
Focus
⚔️ 27.8% · 🌾 72.2%
Match map
Initial resources + every placement click. Lines = walls · curves = elevation contours. ◆ gold · ⬟ stone · ● berries · ✦ relic · ◌ wall gap
Your base· ✓ Closed at 12:00 · 0t walls · 2 gate(s)
HK | Foko_89's base· ✓ Closed at 16:52 · 44t walls · 4 gate(s)
Smoothed initial terrain · ◌ = detected wall gap · hover for details
Inputs per minute
— Jack_el_Guapo - - HK | Foko_89
Build order — Jack_el_Guapo
96 actions detected in the replay
| 0:02 | Build | House |
| 0:02 | Build | House |
| 0:03 | Queue | Villager (Male) |
| 0:03 | Queue | Villager (Male) |
| 0:03 | Queue | Villager (Male) |
| 0:24 | Queue | Villager (Male) |
| 1:30 | Queue | Villager (Male) |
| 1:30 | Queue | Villager (Male) |
| 1:59 | Build | Lumber Camp |
| 2:00 | Queue | Villager (Male) |
| 2:22 | Queue | Villager (Male) |
| 2:22 | Queue | Villager (Male) |
| 2:58 | Queue | Villager (Male) |
| 3:03 | Queue | Villager (Male) |
| 3:33 | Queue | Villager (Male) |
| 3:57 | Build | House |
| 3:59 | Build | House |
| 4:04 | Queue | Villager (Male) |
| 4:33 | Queue | Villager (Male) |
| 4:57 | Queue | Villager (Male) |
| 5:15 | Queue | Villager (Male) |
| 5:40 | Research | Loom |
| 5:50 | Queue | Villager (Male) |
| 6:34 | Queue | Villager (Male) |
| 7:00 | Queue | Villager (Male) |
| 7:44 | Build | Town Center |
| 8:14 | Queue | Villager (Male) |
| 8:15 | Queue | Villager (Male) |
| 8:15 | Queue | Villager (Male) |
| 8:53 | Build | Mill |
| 9:41 | Queue | Villager (Male) |
| 9:41 | Queue | Villager (Male) |
| 10:10 | Build | House |
| 10:24 | Build | Town Center |
| 10:40 | Build | House |
| 10:59 | Build | House |
| 11:40 | Queue | Villager (Male) |
| 11:40 | Queue | Villager (Male) |
| 11:40 | Queue | Villager (Male) |
| 11:41 | Queue | Villager (Male) |
| 11:58 | Queue | Villager (Male) |
| 11:59 | Queue | Villager (Male) |
| 12:22 | Build | Town Center |
| 13:13 | Queue | Villager (Male) |
| 13:14 | Queue | Villager (Male) |
| 13:25 | Build | Mining Camp |
| 14:07 | Queue | Villager (Male) |
| 14:07 | Queue | Villager (Male) |
| 14:21 | Queue | Villager (Male) |
| 14:21 | Queue | Villager (Male) |
| 14:45 | Queue | Villager (Male) |
| 14:45 | Queue | Villager (Male) |
| 16:30 | Build | Town Center |
| 16:55 | Build | Farm |
| 17:01 | Build | Barracks |
| 17:17 | Build | Farm |
| 17:21 | Queue | Villager (Male) |
| 17:21 | Queue | Villager (Male) |
| 17:43 | Queue | Militia |
| 17:43 | Queue | Militia |
| 17:43 | Queue | Militia |
| 17:43 | Queue | Militia |
| 17:51 | Build | House |
| 17:54 | Build | House |
| 18:05 | Build | Mining Camp |
| 18:17 | Queue | Militia |
| 18:48 | Build | Palisade Wall |
| 18:53 | Build | House |
| 19:04 | Queue | Villager (Male) |
| 19:18 | Queue | Villager (Male) |
| 19:18 | Queue | Villager (Male) |
| 19:23 | Build | Palisade Wall |
| 19:42 | Build | Farm |
| 19:55 | Build | House |
| 20:22 | Build | Palisade Wall |
| 20:23 | Build | Palisade Wall |
| 20:28 | Build | Palisade Wall |
| 20:30 | Build | Palisade Wall |
| 20:37 | Queue | Villager (Male) |
| 20:37 | Queue | Villager (Male) |
| 20:44 | Build | House |
| 20:48 | Build | House |
| 20:54 | Build | Palisade Wall |
| 20:58 | Build | Palisade Wall |
| 21:06 | Build | House |
| 21:12 | Build | Palisade Wall |
| 21:56 | Queue | Villager (Male) |
| 22:18 | Build | Mill |
| 22:21 | Build | Farm |
| 22:21 | Build | Farm |
| 22:21 | Build | Farm |
| 22:22 | Build | Farm |
| 22:22 | Build | Farm |
| 22:24 | Build | Farm |
| 22:24 | Build | Farm |
| 22:25 | Build | Farm |
Build order — HK | Foko_89
93 actions detected in the replay
| 0:00 | Queue | Villager (Male) |
| 0:01 | Queue | Villager (Male) |
| 0:01 | Queue | Villager (Male) |
| 0:02 | Build | House |
| 0:04 | Build | House |
| 0:28 | Queue | Villager (Male) |
| 0:29 | Queue | Villager (Male) |
| 1:22 | Queue | Villager (Male) |
| 1:23 | Queue | Villager (Male) |
| 1:44 | Queue | Villager (Male) |
| 1:44 | Queue | Villager (Male) |
| 2:06 | Queue | Villager (Male) |
| 2:07 | Queue | Villager (Male) |
| 2:44 | Queue | Villager (Male) |
| 2:59 | Queue | Villager (Male) |
| 2:59 | Queue | Villager (Male) |
| 3:19 | Build | House |
| 3:20 | Build | House |
| 3:24 | Queue | Villager (Male) |
| 3:24 | Queue | Villager (Male) |
| 3:51 | Queue | Villager (Male) |
| 3:51 | Queue | Villager (Male) |
| 4:00 | Build | Palisade Gate |
| 4:19 | Build | Lumber Camp |
| 4:25 | Build | Palisade Gate |
| 4:32 | Build | Palisade Gate |
| 4:40 | Queue | Villager (Male) |
| 4:40 | Queue | Villager (Male) |
| 4:41 | Queue | Villager (Male) |
| 4:41 | Queue | Villager (Male) |
| 5:27 | Queue | Villager (Male) |
| 6:02 | Build | Mill |
| 6:23 | Queue | Villager (Male) |
| 6:24 | Queue | Villager (Male) |
| 7:07 | Queue | Villager (Male) |
| 7:17 | Build | Mining Camp |
| 7:25 | Research | Loom |
| 7:29 | Build | House |
| 7:31 | Build | House |
| 7:44 | Build | House |
| 7:52 | Research | Feudal Age |
| 7:53 | Research | Feudal Age |
| 8:11 | Build | Palisade Wall |
| 8:18 | Build | Palisade Wall |
| 9:00 | Build | Palisade Wall |
| 9:13 | Build | Palisade Wall |
| 9:16 | Build | Palisade Wall |
| 9:19 | Build | Palisade Wall |
| 9:21 | Build | Palisade Wall |
| 10:06 | Age | Feudal Age |
| 10:09 | Build | Watch Tower |
| 10:21 | Queue | Villager (Male) |
| 10:56 | Build | Market |
| 11:01 | Build | Palisade Wall |
| 11:13 | Build | Palisade Wall |
| 11:14 | Queue | Villager (Male) |
| 11:15 | Queue | Villager (Male) |
| 11:20 | Build | Palisade Wall |
| 11:25 | Build | Palisade Wall |
| 11:33 | Build | Blacksmith |
| 11:44 | Build | House |
| 12:00 | Build | Watch Tower |
| 12:03 | Build | Palisade Wall |
| 12:09 | Build | House |
| 12:51 | Build | Mining Camp |
| 13:21 | Build | House |
| 13:32 | Build | House |
| 13:39 | Build | House |
| 13:51 | Build | House |
| 13:58 | Build | House |
| 14:12 | Research | Castle Age |
| 14:12 | Research | Castle Age |
| 14:12 | Research | Castle Age |
| 14:44 | Build | House |
| 14:47 | Build | House |
| 15:11 | Build | House |
| 15:21 | Build | Stone Wall |
| 15:45 | Build | Stone Wall |
| 16:07 | Build | Blacksmith |
| 16:15 | Build | Stone Wall |
| 16:16 | Build | Stone Wall |
| 16:17 | Build | Stone Wall |
| 16:19 | Build | Stone Wall |
| 16:49 | Build | House |
| 16:52 | Age | Castle Age |
| 17:25 | Build | Market |
| 17:59 | Build | House |
| 19:11 | Build | House |
| 19:14 | Build | House |
| 19:34 | Build | House |
| 19:42 | Build | Palisade Wall |
| 19:44 | Build | Palisade Wall |
| 21:19 | Build | Castle |
Match timeline
| 8:11 | HK | Foko_89 · wall_segment Palisade Wall x10 |
| 8:18 | HK | Foko_89 · wall_segment Palisade Wall x6 |
| 9:00 | HK | Foko_89 · wall_segment Palisade Wall x1 |
| 9:13 | HK | Foko_89 · wall_segment Palisade Wall x4 |
| 9:16 | HK | Foko_89 · wall_segment Palisade Wall x1 |
| 9:19 | HK | Foko_89 · wall_segment Palisade Wall x6 |
| 9:21 | HK | Foko_89 · wall_segment Palisade Wall x10 |
| 10:06 | HK | Foko_89 · age_up feudal |
| 11:01 | HK | Foko_89 · wall_segment Palisade Wall x2 |
| 11:13 | HK | Foko_89 · wall_segment Palisade Wall x2 |
| 11:20 | HK | Foko_89 · wall_segment Palisade Wall x1 |
| 11:25 | HK | Foko_89 · wall_segment Palisade Wall x5 |
| 12:03 | HK | Foko_89 · wall_segment Palisade Wall x1 |
| 13:07 | HK | Foko_89 · first_market_sell 500 wood |
| 15:21 | HK | Foko_89 · wall_segment Stone Wall x1 |
| 15:45 | HK | Foko_89 · wall_segment Stone Wall x1 |
| 16:15 | HK | Foko_89 · wall_segment Stone Wall x1 |
| 16:16 | HK | Foko_89 · wall_segment Stone Wall x1 |
| 16:17 | HK | Foko_89 · wall_segment Stone Wall x1 |
| 16:19 | HK | Foko_89 · wall_segment Stone Wall x1 |
| 16:52 | HK | Foko_89 · age_up castle |
| 17:01 | Jack_el_Guapo · first_building Barracks |
| 18:48 | Jack_el_Guapo · wall_segment Palisade Wall x1 |
| 18:52 | HK | Foko_89 · first_market_buy 500 stone |
| 19:23 | Jack_el_Guapo · wall_segment Palisade Wall x1 |
| 19:42 | HK | Foko_89 · wall_segment Palisade Wall x1 |
| 19:44 | HK | Foko_89 · wall_segment Palisade Wall x1 |
| 20:22 | Jack_el_Guapo · wall_segment Palisade Wall x1 |
| 20:23 | Jack_el_Guapo · wall_segment Palisade Wall x2 |
| 20:28 | Jack_el_Guapo · wall_segment Palisade Wall x1 |
| 20:30 | Jack_el_Guapo · wall_segment Palisade Wall x1 |
| 20:54 | Jack_el_Guapo · wall_segment Palisade Wall x1 |
| 20:58 | Jack_el_Guapo · wall_segment Palisade Wall x1 |
| 21:12 | Jack_el_Guapo · wall_segment Palisade Wall x1 |
| 21:19 | HK | Foko_89 · first_building Castle |
| 22:31 | HK | Foko_89 · resign |
[ AI ANALYSIS · 1 CREDIT ]
What really happened in this match?
Wolo.gg analyzes every decision: build order, eco, micro, common mistakes by bracket. Personalized analysis on WhatsApp or Discord in 30 seconds.
Civ guide
Sicilians
Perfil
Jack_el_Guapo